 Dungeon Crawl Stone Soup version 0.21.0-3-g78d12a8 (webtiles) character file.

3358 Firecrotchwizard the Slicer (level 10, -2/53 HPs)
             Began as a Vine Stalker Berserker on Jan 9, 2018.
             Was an Elder of Trog.
             Succumbed to a two-headed ogre's poison
             ... on level 7 of the Dungeon.
             The game lasted 00:17:46 (6530 turns).

Firecrotchwizard the Slicer (VSBe)                  Turns: 6530, Time: 00:17:47

Health: -2/53      AC: 17    Str: 21    XL:     10   Next: 3%
Magic:  1/11       EV: 11    Int: 12    God:    Trog [****..]
Gold:   159        SH:  0    Dex: 16    Spells: 9/9 levels left

rFire    . . .     SeeInvis .   C - +3 dagger (freeze)
rCold    . . .     Gourm    .   (no shield)
rNeg     . . .     Faith    .   y - +0 chain mail
rPois    .         Spirit   +   h - +1 hat
rElec    .         Reflect  .   (no cloak)
rCorr    +         Harm     .   (no gloves)
MR       +....                  t - +2 pair of boots
Stlth    ..........             (no amulet)
HPRegen  0.57/turn              u - ring of resist corrosion
MPRegen  0.12/turn              w - +3 ring of protection

@: brilliant, lethally poisoned (-2 -> -30)
A: fangs 3, regeneration 1, magic shield, antimagic bite, no potion heal 3, rot
immunity
a: Berserk, Trog's Hand, Brothers in Arms, Burn Spellbooks, Renounce Religion


You were on level 7 of the Dungeon.
You worshipped Trog.
Trog was greatly pleased with you.
You were not hungry.

You visited 1 branch of the dungeon, and saw 10 of its levels.

You collected 280 gold pieces.
You spent 121 gold pieces at shops.

Inventory:

Hand Weapons
 C - a +3 dagger of freezing (weapon)
   (You took it off a wight on level 8 of the Dungeon)
Missiles
 j - 4 curare-tipped needles
Armour
 b - a +0 animal skin
 h - a +1 hat (worn)
   (You found it on level 1 of the Dungeon)
 o - a +0 scale mail
   (You took it off an orc on level 3 of the Dungeon)
 t - a +2 pair of boots (worn)
   (You found it on level 4 of the Dungeon)
 y - a +0 chain mail (worn)
   (You took it off an orc warrior on level 7 of the Dungeon)
Jewellery
 u - a ring of resist corrosion (left hand)
   (You found it on level 4 of the Dungeon)
 w - a +3 ring of protection (right hand)
   (You found it on level 6 of the Dungeon)
 E - an uncursed ring of positive energy {unknown}
   (You found it on level 7 of the Dungeon)
Wands
 e - a wand of flame (16)
   (You found it on level 7 of the Dungeon)
 s - a wand of iceblast (11)
   (You bought it in a shop on level 4 of the Dungeon)
Scrolls
 d - 2 scrolls of fear
 i - a scroll of enchant weapon {unknown}
 k - 3 scrolls of remove curse
 p - a scroll of fog {unknown}
 q - 2 scrolls of teleportation
 A - a scroll of noise {unknown}
Potions
 f - a potion of curing {unknown}
 g - 2 potions of invisibility
 l - a potion of might {unknown}
 n - 4 potions of mutation {!q}
 r - 2 potions of haste
 v - a potion of cancellation {unknown}
 x - a potion of resistance {unknown}
 z - a potion of agility {unknown}
 D - a potion of brilliance
Comestibles
 a - 21 chunks of flesh {@w0}
 c - 9 rations {@e1}


   Skills:
 + Level 6.3 Fighting
 * Level 8.5 Short Blades
 + Level 5.3 Armour
 + Level 5.3 Dodging


You had 9 spell levels left.
You didn't know any spells.

Dungeon Overview and Level Annotations

Branches:
Dungeon (10/15)            Temple (0/1) D:5
   Lair: D:8-11         Orc: D:9-12

Altars:
Hepliaklqana

Shops:
D:4 }   D:5 %?   D:9 :

Annotations:
D:7 Firecrotchwizard's ghost, novice TrBe


Innate Abilities, Weirdness & Mutations

You have razor-sharp teeth.
Your natural rate of healing is unusually fast.
When hurt, damage is shared between your health and your magic reserves.
Your bite disrupts and absorbs the magic of your enemies.
Potions cannot restore your health.
You are immune to rotting.


Message History

You butcher the yak corpse.
a - 8 chunks of flesh {@w0} (gained 6)
Things that are here:
a yak corpse; a yak skeleton You butcher the yak corpse.
a - 13 chunks of flesh {@w0} (gained 5)
You see here a yak skeleton.
You regained 2 hp, and now have 33/48 hp.
Things that are here:
a yak corpse x3
You butcher the yak corpse.
a - 16 chunks of flesh {@w0} (gained 3)
Things that are here:
a yak skeleton; a yak corpse x2
You butcher the yak corpse.
a - 19 chunks of flesh {@w0} (gained 3)
Things that are here:
a yak skeleton; a yak corpse You start resting.
Some of the chunks of flesh in your inventory have rotted away.
Health restored: 48 You butcher the yak corpse.
a - 21 chunks of flesh {@w0} (gained 3)
You see here a yak skeleton. x2
You see here a yak skeleton.
Found a stone staircase leading down.
A hound and an ogre come into view.
The hound barks!
The ogre shouts!
The mass of ice explodes!
The iceblast engulfs the hound.
The iceblast engulfs the ogre.
The mass of ice explodes!
The iceblast engulfs the hound.
You kill the hound!
Trog accepts your kill.
You have reached level 10!
The iceblast engulfs the ogre.
You kill the ogre!
Trog accepts your kill.
Health restored: 53; MP restored: 11 You see here a hound corpse.
You butcher the hound corpse.
a - 24 chunks of flesh {@w0} (gained 3)
You see here a giant spiked club.
Done exploring.
Done exploring.
(D) Dungeon (T) Temple
Where to? (Enter - D:6 @ (x,y), ? - help)
You see here a club.
You see here a flail.
Some of the chunks of flesh in your inventory have rotted away.
There is a stone staircase leading down here.
You climb downwards.
The two-headed ogre hits you with a dire flail of venom!
You are poisoned.
The two-headed ogre hits you with a giant club!
The two-headed ogre hits you with a dire flail of venom.
The two-headed ogre hits you with a giant club.
There is a stone staircase leading up, spattered with blood here.
Things that are here:
4 stones; a dagger You take 25 damage, and have 28/53 hp.
MASSIVE DAMAGE!!
You now have 5/11 mp.
You feel very sick.
You climb upwards.
Level annotation: Firecrotchwizard's ghost, novice TrBe You feel very sick.
There is a stone staircase leading down here.
You take 5 damage, and have 23/53 hp.
You fail to use your ability.
You feel sick. The two-headed ogre barely misses you.
The two-headed ogre hits you with a giant club!
You take 6 damage, and have 17/53 hp.
You now have 4/11 mp.
Your ogre goes berserk!
You feel quite a bit more hungry.
You feel sick.
The two-headed ogre hits you but does no damage.
You are more poisoned.
The two-headed ogre barely misses you.
You take 2 damage, and have 15/53 hp.
* * * LOW HITPOINT WARNING * * *
You feel sick.
Your ogre rages.
You take 1 damage, and have 14/53 hp.
* * * LOW HITPOINT WARNING * * *
You feel sick.
Your ogre barely misses the two-headed ogre.
You take 1 damage, and have 13/53 hp.
You hit the two-headed ogre but do no damage.
You bite the two-headed ogre. You drain its power.
You feel invigorated.
* * * LOW HITPOINT WARNING * * *
You feel sick.
The two-headed ogre hits you with a dire flail of venom!
* * * LOW HITPOINT WARNING * * *
You are more poisoned.
The two-headed ogre closely misses you.
You take 11 damage, and have 2/53 hp.
MASSIVE DAMAGE!!
You now have 1/11 mp.
It was a potion of brilliance.
You feel clever all of a sudden.
You die...

#.# ##........### #.#
#.######.# #.#####.### #.#
#.......#.# #÷# #.....?.#.# #÷#
# #.......#.# #.# # #.......#.#
#.##############
#.......#.####>..............
#...........@OO.....####.....
#.......#)####.####.#....###.
#......[..# #.# #.#........
#.....).### #.# #.#....###.
#..####)# #.# #..........
#..####.## #.# #.#....###'
#........#####.####.#........
#.................#.#........
####.......#####.##.#'#........


You could see a two-headed ogre and a friendly ogre (berserk).

Vanquished Creatures
  6 yaks (D:7)
  Duvessa (D:7)
  2 orc warriors
  7 ogres
  A centaur (D:5)
  A bullfrog (D:7)
  A big kobold (D:8)
  Dowan (D:7)
  A water moccasin zombie (D:7)
  2 scorpions
  2 wights (D:8)
  2 howler monkeys (D:7)
  2 crimson imps
  2 bullfrog zombies (D:6)
  A jelly (D:6)
  3 hounds
  3 orc priests
  A bullfrog skeleton (D:6)
  3 iguanas
  7 orc wizards
  5 worker ants
  A hound zombie (D:8)
  2 worker ant zombies
  A gnoll (D:1)
  9 adders
  2 shadow imps
  An ooze (D:3)
  2 worms
  6 dart slugs
  6 leopard geckos
  24 orcs
  2 giant cockroaches
  9 goblins
  6 hobgoblins
  6 jackals
  A ball python (D:6)
  5 bats
  A frilled lizard (D:1)
  12 kobolds
  A leopard gecko skeleton (D:4)
  2 quokka skeletons
  2 rats (D:2)
155 creatures vanquished.

Vanquished Creatures (others)
  A bush (D:5)
  8 fungi (D:5)
9 creatures vanquished.

Grand Total: 164 creatures vanquished

Notes
Turn   | Place    | Note
-------+----------+-------------------------------------------
     0 | D:1      | Firecrotchwizard the Vine Stalker Berserker began the quest for the Orb.
     0 | D:1      | Reached XP level 1. HP: 11/11 MP: 2/2
   141 | D:1      | Reached XP level 2. HP: 16/16 MP: 3/3
   142 | D:1      | Reached skill level 3 in Short Blades
   537 | D:1      | HP: 5/24 [kobold/whip (3)]
   542 | D:1      | HP: 2/24 [dart slug/slug dart (3)]
   544 | D:1      | Reached XP level 3. HP: 2/19 MP: 4/4
  1223 | D:2      | Reached skill level 3 in Fighting
  1223 | D:2      | Reached skill level 2 in Armour
  1362 | D:2      | Reached skill level 2 in Dodging
  1438 | D:2      | Found a faded altar of an unknown god.
  1454 | D:2      | Gained mutation: Your natural rate of healing is unusually fast. [Vine Stalker growth]
  1454 | D:2      | Reached XP level 4. HP: 9/24 MP: 3/5
  1658 | D:2      | Reached ** piety under Trog
  1668 | D:2      | HP: 5/24 [something (3)]
  1676 | D:2      | Reached XP level 5. HP: 16/28 MP: 6/6
  2361 | D:3      | Reached skill level 4 in Short Blades
  2785 | D:4      | Reached XP level 6. HP: 32/32 MP: 7/7
  3198 | D:4      | Reached skill level 4 in Fighting
  3198 | D:4      | Reached skill level 5 in Short Blades
  3198 | D:4      | Reached skill level 3 in Armour
  3198 | D:4      | Reached skill level 3 in Dodging
  3198 | D:4      | Reached XP level 7. HP: 13/37 MP: 2/8
  3599 | D:4      | Found Uvan's Gadget Shoppe.
  3602 | D:4      | Bought a wand of iceblast (7) for 121 gold pieces
  3768 | D:5      | Entered Level 5 of the Dungeon
  3860 | D:5      | Found Uqaigicu's Magic Scroll Shoppe.
  3977 | D:5      | Found a staircase to the Ecumenical Temple.
  4099 | D:5      | Found Sukew's Food Emporium.
  4266 | D:5      | Gained mutation: You have razor-sharp teeth. [Vine Stalker growth]
  4266 | D:5      | Reached XP level 8. HP: 42/42 MP: 9/9
  4632 | D:6      | Reached skill level 6 in Short Blades
  4688 | D:6      | Reached *** piety under Trog
  4724 | D:6      | Found a hazy altar of Hepliaklqana.
  4889 | D:6      | Reached skill level 4 in Armour
  4909 | D:6      | Reached skill level 4 in Dodging
  4993 | D:6      | Reached skill level 5 in Fighting
  5206 | D:7      | You fall through a shaft for 3 floors!
  5206 | D:10     | Entered Level 10 of the Dungeon
  5225 | D:9      | Found Kyzonoi's Book Boutique.
  5314 | D:7      | Reached XP level 9. HP: 46/47 MP: 10/10
  5317 | D:7      | Reached skill level 7 in Short Blades
  5370 | D:7      | Reached **** piety under Trog
  5415 | D:7      | Noticed Firecrotchwizard's ghost (novice TrBe)
  5726 | D:8      | Noticed a two-headed ogre
  6069 | D:7      | Noticed Duvessa
  6072 | D:7      | Noticed Dowan
  6082 | D:7      | Killed Duvessa
  6098 | D:7      | Killed Dowan
  6290 | D:7      | Reached skill level 8 in Short Blades
  6290 | D:7      | Reached skill level 5 in Armour
  6298 | D:7      | Reached skill level 6 in Fighting
  6298 | D:7      | Reached skill level 5 in Dodging
  6422 | D:7      | Reached XP level 10. HP: 53/53 MP: 11/11
  6528 | D:7      | HP: 13/53 [poisoned by a two-headed ogre]
  6529 | D:7      | HP: 2/53 [two-headed ogre/dire flail of venom (10)]
  6530 | D:7      | Succumbed to a two-headed ogre's poison

Skill      XL: |  1  2  3  4  5  6  7  8  9 |
---------------+----------------------------+-----
Short Blades   | 3 4 5 6 8 |  8.5
Fighting       | 3 4 5 6 |  6.3
Armour         | 2 3 4 5 |  5.3
Dodging        | 2 3 4 5 |  5.3

Action                   |  1- 3 |  4- 6 |  7- 9 | 10-12 || total
-------------------------+-------+-------+-------+-------++-------
Melee: Short sword       |    39 |       |       |       ||    39
       Bite              |    24 |    61 |   132 |     1 ||   218
       Dagger            |    30 |   147 |   120 |     1 ||   298
       Long sword        |       |    15 |   192 |       ||   207
Invok: Berserk           |     2 |       |       |       ||     2
       Trog's Hand       |       |     1 |     2 |       ||     3
       Burn Spellbooks   |       |       |     1 |       ||     1
       Brothers in Arms  |       |       |       |     1 ||     1
Evoke: Wand              |       |     4 |     5 |     1 ||    10
  Use: Scroll            |       |       |    11 |       ||    11
       Potion            |       |       |       |     1 ||     1
 Stab: Sleeping          |     1 |     1 |       |       ||     2
       Distracted        |     1 |       |       |       ||     1
  Eat: Chunk             |     3 |     7 |     5 |       ||    15
       Ration            |       |       |     2 |       ||     2
Armor: Animal skin       |    10 |     5 |       |       ||    15
       Scale mail        |       |    13 |    71 |       ||    84
       Chain mail        |       |       |    55 |     1 ||    56
Dodge: Dodged            |    33 |    59 |   154 |     3 ||   249
       Rpst.: Long sword |       |     5 |    32 |       ||    37

Vault maps used:
D:1:      minmay_arrival_wavy_path, minmay_misc_feat_enclosed
D:2:      chequers_ecumenical_altar_simple
D:3:      hangedman_abyss_or_decor_lesser_grid
D:4:      serial_shops, nicolae_shop_behind_doors, grunt_decor_cap
D:5:      minmay_temple_entry_mist, first_ration, serial_shops, shop_statue,
          shop, serial_aquarium, aquarium_bridge_square, aquarium_bridge_square,
          aquarium_window_fake, aquarium_window_fake, aquarium_window_fake,
          aquarium_window_corridor_1, aquarium_view_2d, aquarium_pool_corner,
          kb_lookout_dungeons_type
D:6:      kennysheep_mini
D:7:      uniq_duvessa
D:8:      hangedman_little_slice_of_home
D:9:      zombieorc2_lemuel, serial_shops, nicolae_shop_waterfront, shop,
          nicolae_shop_behind_doors, shop, shop, uniq_psyche

Table legend:
 A = Turns spent in this place as a percentage of turns spent in the entire game.
 B = Non-inter-level travel turns spent in this place as a percentage of non-inter-level travel turns spent in the entire game.
 C = Inter-level travel turns spent in this place as a percentage of turns spent in this place.
 D = Turns resting spent in this place as a percentage of non-inter-level travel turns spent in this place.
 E = Turns spent auto-exploring this place as a percentage of non-inter-level travel turns spent in this place.
 F = Non-inter-level travel turns spent in this place divided by the number of levels of this place that you've seen.
                   A       B       C       D       E      F
               +-------+-------+-------+-------+-------+----------------------
         Total | 100.0 | 100.0 |   3.2 |  18.5 |  60.9 | 632.0
       Dungeon | 100.0 | 100.0 |   3.2 |  18.5 |  60.9 | 632.0
               +-------+-------+-------+-------+-------+----------------------

Table legend:
 A = Kills in this place as a percentage of kills in entire the game.
 B = Kills by you in this place as a percentage of kills by you in the entire game.
 C = Kills by friends in this place as a percentage of kills by friends in the entire game.
 D = Other kills in this place as a percentage of other kills in the entire game.
 E = Experience gained in this place as a percentage of experience gained in the entire game.
 F = Experience gained in this place divided by the number of levels of this place that you have seen.
                   A       B       C       D       E      F
               +-------+-------+-------+-------+-------+----------------------
         Total | 100.0 | 100.0 |   N/A |   N/A | 100.0 | 479.8
       Dungeon | 100.0 | 100.0 |   N/A |   N/A | 100.0 | 479.8
               +-------+-------+-------+-------+-------+----------------------
